Map: King's Cove LE

Players

NYK - Winner!

  • Race: Zerg Zerg
  • League: Master
  • Spawn Location: 5:00

jomare

  • Race: Protoss Protoss
  • League: Grandmaster
  • Spawn Location: 11:00

VOD

Have the link to the VOD?

Description

Time

  • Played on: July 18, 2019, 8:57 p.m.
  • Length: 12:35
Show
View Real Time Build Order
Export as new Build Order

NYK Zerg - Winner!

Build Orders: Hatch First 

Get SALT Encoding   

  12  0:00  Drone  
  13  0:12  Overlord  
  13  0:19  Drone  
  14  0:32  Drone x2  
  16  0:39  Drone  
  17  0:54  Hatchery  
  17  0:56  Drone  
  17  1:00  Drone  
  18  1:10  Extractor  
  17  1:15  Spawning Pool  
  17  1:17  Drone  
  17  1:20  Drone  
  18  1:28  Drone  
  19  1:39  Overlord  
  19  1:58  Drone  
  20  2:01  Drone  
  20  2:02  Queen  
  20  2:06  Queen  
  20  2:08  Zergling x2  
  26  2:24  Zergling x2  
  26  2:26  Drone x2, Metabolic Boost  
  29  2:44  Queen  
  31  2:54  Hatchery  
  31  2:57  Drone, Overlord  
  31  2:58  Drone x2  
  33  2:59  Drone  
  33  3:02  Drone  
  35  3:14  Overlord  
  35  3:19  Drone x4  
  39  3:39  Drone x4  
  43  3:41  Spore Crawler  
  43  3:42  Spore Crawler  
  43  3:44  Queen x2  
  45  3:49  Overlord  
  45  3:53  Zergling x4  
  45  4:08  Zergling x10, Evolution Chamber  
  45  4:09  Zergling x2  
  49  4:20  Drone x4  
  49  4:21  Drone  
  54  4:26  Overlord  
  54  4:32  Overlord x2  
  54  4:41  Spore Crawler  
  53  4:45  Zerg Melee Weapons Level 1  
  53  4:47  Overlord  
  53  4:54  Zergling x14  
  60  5:05  Overlord  
  60  5:07  Zergling x10  
  60  5:10  Queen  
  67  5:16  Zergling x2  
  67  5:17  Zergling x6  
  67  5:19  Zergling x2  
  70  5:34  Zergling x8  
  70  5:35  Zergling x4  
  70  5:38  Queen  
  70  5:40  Queen  
  73  5:45  Zergling x2  
  73  5:46  Zergling x6  
  73  5:48  Zergling x2  
  73  5:49  Zergling x2  
  79  5:58  Zergling x6  
  78  6:11  Lair  
  78  6:13  Drone x4  
  82  6:19  Extractor  
  82  6:23  Drone x2  
  79  6:27  Overlord  
  79  6:31  Drone x2  
  78  6:38  Drone x3  
  75  6:42  Roach Warren  
  75  6:46  Extractor  
  73  6:49  Overlord x2  
  73  6:55  Zergling x14  
  80  7:03  Baneling Nest  
  75  7:15  Overlord  
  74  7:18  Zerg Missile Weapons Level 1  
  72  7:39  Roach x7  
  72  7:40  Roach x9  
  102  8:00  Centrifical Hooks  
  102  8:05  Drone x3  
  97  8:07  Extractor  
  96  8:17  Roach  
  96  8:18  Roach x3  
  96  8:19  Overlord x4  
  104  8:33  Overlord  
  104  8:34  Glial Reconstitution  
  104  8:36  Drone  
  104  8:37  Drone x6  
  104  8:38  Drone  
  112  8:47  Overlord  
  112  8:58  Roach x6  
  124  9:05  Overlord  
  124  9:09  Baneling x9  
  123  9:10  Baneling  
  123  9:11  Baneling  
  123  9:14  Baneling x4  
  123  9:19  Baneling x2  
  123  9:26  Zergling x16  
  131  9:31  Baneling x2  
  131  9:32  Baneling x4  
  130  9:42  Zergling x16  
  138  9:46  Baneling x4  
  138  9:47  Baneling x2  
  138  9:53  Drone x4  
  138  9:58  Extractor  
  138  9:59  Overseer  
  139  10:10  Drone x9  
  138  10:25  Ravager x5  
  143  10:35  Extractor  
  142  10:39  Roach x4, Spore Crawler  
  142  10:40  Zergling x2  
  150  10:44  Hatchery  
  149  10:50  Baneling x8  
  149  10:51  Baneling  
  149  10:52  Overlord x2  
  149  10:54  Overlord  
  149  11:01  Baneling x5  
  149  11:02  Baneling  
  149  11:14  Zergling x2  
  149  11:15  Zergling x24  
  124  11:42  Roach x6  
  124  11:43  Roach x6  
  131  11:51  Roach x4  
  131  12:00  Zergling x10  
  132  12:13  Zergling x14  
  131  12:20  Overseer  
  131  12:22  Ravager x2  
  132  12:23  Ravager x2  
Show
View Real Time Build Order
Export as new Build Order

jomare Protoss 

Build Orders: 1 Gate Expand, Oracle Opening, Phoenix Opening, Zealot Archon, Archon Drop 

Get SALT Encoding   

  12  0:01  Probe  
  13  0:13  Probe  
  14  0:19  Pylon  
  14  0:25  Probe  
  15  0:35  Probe  
  15  0:40  Gateway  
  16  0:44  Probe  
  17  0:50  Assimilator  
  17  0:52  Probe  
  18  1:03  Probe  
  19  1:15  Probe  
  20  1:29  Nexus  
  20  1:38  Cybernetics Core  
  20  1:40  Probe  
  21  1:49  Pylon  
  21  1:52  Probe  
  22  1:57  Assimilator  
  22  2:04  Probe, Adept  
  25  2:17  Probe  
  26  2:23  Stargate  
  26  2:29  Probe  
  27  2:33  Pylon  
  27  2:39  Probe  
  27  2:41  Probe  
  29  2:48  Probe  
  29  2:52  Adept  
  29  2:53  Probe, Warp Gate  
  29  2:58  Oracle  
  33  3:01  Gateway  
  34  3:11  Probe  
  37  3:14  Probe  
  37  3:16  Shield Battery  
  38  3:22  Probe  
  38  3:23  Probe  
  40  3:32  Phoenix, Probe  
  40  3:34  Pylon  
  40  3:35  Probe  
  44  3:44  Probe  
  44  3:47  Probe  
  46  3:51  Robotics Facility  
  46  3:54  Assimilator  
  46  3:57  Assimilator  
  46  3:58  Probe  
  47  4:08  Probe  
  48  4:11  Twilight Council  
  48  4:16  Gateway  
  48  4:18  Gateway  
  48  4:19  Probe  
  49  4:25  Probe  
  49  4:28  Warp Prism  
  50  4:33  Probe  
  51  4:39  Pylon  
  51  4:45  Probe  
  54  4:51  Templar Archives  
  54  4:57  Probe x2  
  54  4:58  Nexus  
  56  5:02  Pylon  
  56  5:07  Pylon  
  56  5:09  Probe  
  56  5:10  Probe  
  58  5:21  Probe, Pylon  
  59  5:22  Probe  
  59  5:26  Adept x2  
  59  5:27  Adept  
  66  5:32  Zealot  
  66  5:33  Probe  
  66  5:34  Probe  
  68  5:44  Shield Battery  
  68  5:45  Probe  
  68  5:46  Probe  
  68  5:47  Shield Battery  
  68  5:48  Pylon  
  70  5:51  High Templar x2  
  74  5:57  Probe  
  74  6:00  Archon  
  74  6:01  High Templar x2  
  79  6:11  Archon  
  76  6:13  Probe  
  76  6:14  Immortal  
  72  6:26  High Templar  
  72  6:27  High Templar  
  76  6:33  Archon  
  76  6:45  Gateway  
  76  6:46  Gateway  
  76  6:48  Gateway  
  76  6:50  Gateway  
  76  6:58  Pylon  
  76  7:05  Shield Battery  
  76  7:16  Probe x2  
  78  7:23  Pylon  
  78  7:24  Pylon  
  78  7:25  Pylon  
  78  7:27  Pylon  
  78  7:28  Pylon  
  78  7:31  Pylon  
  78  7:32  Gateway  
  78  7:35  Gateway  
  78  7:39  Probe x2  
  78  7:40  Pylon  
  78  7:41  Immortal  
  78  7:42  Pylon  
  78  7:43  Pylon  
  82  7:46  High Templar x2  
  82  7:47  Zealot x2, High Templar x2  
  82  7:48  Zealot  
  82  7:51  Archon x2  
  95  7:58  Psionic Storm  
  95  8:04  Probe  
  96  8:11  Gateway  
  96  8:14  Adept  
  96  8:19  High Templar x2  
  102  8:27  Nexus, Pylon  
  102  8:29  Archon  
  102  8:37  Probe  
  103  8:45  Zealot, High Templar x2  
  103  8:46  Zealot  
  111  8:49  Observer  
  111  8:50  Archon  
  112  8:58  Zealot x3, Shield Battery  
  112  9:00  Shield Battery  
  118  9:03  Pylon  
  118  9:05  Probe  
  118  9:06  High Templar  
  121  9:11  Forge  
  121  9:18  Charge  
  121  9:21  Zealot x2  
  121  9:22  Zealot x5  
  135  9:45  Probe x2  
  137  9:47  Assimilator  
  137  9:49  Assimilator  
  137  9:52  Probe  
  138  9:53  Pylon  
  138  9:55  Gateway, High Templar x2  
  142  10:00  Probe  
  143  10:07  Photon Cannon  
  143  10:22  High Templar  
  143  10:23  Zealot x5, Immortal  
  155  10:30  Pylon  
  155  10:31  Fleet Beacon  
  155  10:33  Pylon  
  159  10:49  Stargate  
  159  10:50  Stargate  
  159  10:51  Photon Cannon  
  159  10:54  Photon Cannon  
  159  10:56  Photon Cannon  
  159  11:01  Pylon  
  127  11:37  Zealot x2  
  127  11:38  Zealot x5  
  115  11:41  Zealot x2  
  83  11:59  Zealot x7  
  87  12:02  Zealot  
  87  12:03  Zealot  
  69  12:22  Zealot x3  
  73  12:23  Zealot x6  
Tags
 
Add a new tag
Caveats
  • Supply blocks, unpowered buildings, or Contaminate may cause inaccurate times.
  • Supply counts are checked every 10 seconds.